 Dungeon Crawl Stone Soup version 0.29.1-2-gbd0b4ee654 (webtiles) character file.

Game seed: 15041429397456737138

40 Lutefisk the Vexing (level 3, -1/20 (29) HPs)
             Began as a Formicid Arcane Marksman on Nov 13, 2022.
             Killed from afar by Sigmund (4 damage)
             ... with a magic dart
             ... on level 3 of the Dungeon.
             The game lasted 00:08:04 (920 turns).

Lutefisk the Vexing (Formicid Arcane Marksman)       Turns: 920, Time: 00:08:05

HP:   -1/20 (29)    AC:  2    Str: 14    XL:     3   Next: 72%
MP:   4/4           EV: 12    Int: 12    God:
Gold: 38            SH:  0    Dex: 16    Spells: 3/4 levels left

rFire   . . .      SeeInvis +   a - +1 sling
rCold   . . .      Faith    .   (no shield)
rNeg    . . .      Spirit   .   c - +0 robe
rPois   .          Reflect  .   (helmet unavailable)
rElec   .          Harm     .   (no cloak)
rCorr   .          Rampage  .   (no gloves)
Will    .....                   (no boots)
Stlth   ++........              (no amulet)
HPRegen 0.06/turn               (no ring)
MPRegen 0.09/turn               (no ring)

@: attractive, very heavily drained
A: permanent stasis, dig shafts and tunnels, antennae 3, four strong arms
a: Dig, Shaft Self


You were on level 3 of the Dungeon.
You visited 1 branch of the dungeon, and saw 3 of its levels.

You collected 58 gold pieces.
You spent 20 gold pieces at shops.

Inventory:

Hand Weapons
 a - a +1 sling (weapon)
 k - a +0 club
 o - a +1 dagger of holy wrath
Armour
 c - a +0 robe (worn)
Scrolls
 d - a scroll of fear
 e - a scroll of identify
 f - a scroll of immolation {unknown}
 g - a scroll of enchant armour {unknown}
 i - a scroll of silence {unknown}
 j - a scroll of magic mapping {unknown}
 l - a scroll of amnesia {unknown}
 n - a scroll of blinking {unknown}
 p - a scroll of brand weapon {unknown}
Potions
 h - 3 potions of flight


   Skills:
 * Level 3.0 Fighting
 * Level 2.5 Ranged Weapons
 - Level 1.7 Dodging
 - Level 1.0 Stealth
 - Level 1.1 Spellcasting
 - Level 3.6 Hexes


You had 3 spell levels left.
You knew the following spells:

 Your Spells              Type           Power      Damage    Failure   Level
a - Slow                  Hex            36%        N/A       7%          1

Your spell library contained the following spells:

 Spells                   Type           Power      Damage    Failure   Level
 Inner Flame              Hex/Fire       5%         N/A       38%         3
 Portal Projectile        Hex/Tloc       10%        N/A       38%         3
 Gell's Gravitas          Tloc           0%         N/A       65%         3
 Teleport Other           Tloc           0%         N/A       65%         3
 Cause Fear               Hex            4%         N/A       56%         4
 Dispersal                Tloc           0%         N/A       100%        6


Dungeon Overview and Level Annotations

Branches:
Dungeon (3/15)

Altars:

Shops:
D:3 ?[

Annotations:
D:3 Sigmund


Innate Abilities, Weirdness & Mutations

You cannot be hasted, slowed, berserked, paralysed or teleported.
You can dig through walls and to a lower floor.
You have a pair of large antennae on your head. (SInv)
Your four strong arms can wield two-handed weapons with a shield.


Message History

Non-targeted confused fire: a) +1 sling
Press: ? - help, Q - select action, (/) - cycle Dir - look around, f - activate
Okay, then.
Okay, then.
Non-targeted confused fire: a) +1 sling
Press: ? - help, Q - select action, (/) - cycle Dir - look around, f - activate Look: Sigmund, wielding a +0 scythe and wearing a +0 robe (almost dead)
You shoot a sling bullet.
The sling bullet closely misses Sigmund.
Non-targeted confused fire: a) +1 sling
Press: ? - help, Q - select action, (/) - cycle Dir - look around, f - activate Look: Sigmund, wielding a +0 scythe and wearing a +0 robe (almost dead)
You shoot a sling bullet.
Non-targeted confused fire: a) +1 sling
Press: ? - help, Q - select action, (/) - cycle Dir - look around, f - activate Look: Sigmund, wielding a +0 scythe and wearing a +0 robe (almost dead)
You shoot a sling bullet.
Sigmund casts a spell.
Sigmund flickers and vanishes for a moment.
Sigmund casts a spell at you. You resist with some effort.
Non-targeted confused fire: a) +1 sling
Press: ? - help, Q - select action, (/) - cycle Dir - look around, f - activate Look: Sigmund, wielding a +0 scythe and wearing a +0 robe (almost dead, slightly transparent)
You shoot a sling bullet. Sigmund gestures at you while chanting.
The magic dart hits you!
* * * LOW HITPOINT WARNING * * *
It was a potion of attraction.
You feel attractive to monsters.
You feel less confused. Sigmund is attracted toward you.
Fire: a) +1 sling
Press: ? - help, Q - select action, (/) - cycle Shift-Dir - straight line, f/p - Sigmund
Aim: Sigmund, wielding a +0 scythe and wearing a +0 robe (almost dead, slightly transparent, 57% to hit)
You shoot a sling bullet.
The sling bullet hits Sigmund but does no damage.
Sigmund is almost dead.
Sigmund gestures at you while chanting. The magic dart hits you.
You die...

....#
#.#
.#
.#..#
#.#
.#
##..#
#.#
)#
#.#
#.#
.# .#
#.#
.# ..
#.#
##.#
#..#
#@.#
#@.#
#ยง.#
#..#
##)#
#.#
#.#
#.#
#.#


You could see Sigmund (invisible).

Vanquished Creatures
  A worm (D:2)
  3 ball pythons
  7 bats
  2 endoplasms (D:1)
  A giant cockroach (D:1)
  3 hobgoblins
  2 jackals (D:3)
  5 frilled lizards
  4 goblins
  6 kobolds
  3 rats
37 creatures vanquished.

Notes
Turn   | Place    | Note
-------+----------+-------------------------------------------
     0 | D:1      | Lutefisk the Formicid Arcane Marksman began the quest for
                  | the Orb.
     0 | D:1      | Reached XP level 1. HP: 15/15 MP: 2/2
    49 | D:1      | Found a faded altar of an unknown god.
    83 | D:1      | Reached XP level 2. HP: 22/22 MP: 3/3
   324 | D:2      | Reached XP level 3. HP: 26/29 MP: 4/4
   656 | D:3      | Found Niuts's Magic Scroll Shoppe.
   659 | D:3      | Bought a scroll of identify for 20 gold pieces
   683 | D:3      | Found Pileesm's Armour Shop.
   707 | D:3      | Reached skill level 1 in Stealth
   897 | D:3      | Noticed Sigmund
   920 | D:3      | Killed from afar by Sigmund

Illustrated notes

Levels and vault maps discovered:
D:1:      minmay_arrival_open_corners, layout_basic,
          shapermc_ecumenical_altar_pompeii
D:2:      layout_loops_corners
D:3:      layout_basic, serial_shops, nicolae_shop_behind_doors,
          nicolae_shop_trees, shop_statue, nicolae_shop_behind_doors,
          uniq_sigmund, uniq_grinder, uniq_natasha

Skill      XL: |  1  2  3 |
---------------+----------+-----
Fighting       | 2 3 |  3.0
Stealth        | 1 |  1.0
Ranged Weapons | |  2.5
Dodging        | |  1.7
Spellcasting   | |  1.1
Hexes          | |  3.6

Action                   || total
-------------------------++-------
Melee: Club              ||    12
 Fire: Sling             ||   107
 Cast: Slow              ||     3
 Abil: Dig               ||     1
  Use: Scroll            ||     4
       Potion            ||     1
Armor: Robe              ||    13
Dodge: Dodged            ||    31
